 Dungeon Crawl Stone Soup version 0.29.1-1-gd02db6906a (webtiles) character file.

Game seed: 11040697949139839169

520 Doomgape the Insei (level 7, -7/43 HPs)
             Began as an Octopode Transmuter on Sept 17, 2022.
             Was an Initiate of Gozag.
             Killed by nerve-wracking pain
             ... invoked by an orc priest
              (11 damage)
             ... on level 6 of the Dungeon.
             The game lasted 00:09:57 (5981 turns).

Doomgape the Insei (Octopode Transmuter)            Turns: 5981, Time: 00:09:58

Health: -7/43      AC:  1    Str: 11    XL:     7   Next: 21%
Magic:  13/13      EV: 13    Int: 16    God:    Gozag
Gold:   326        SH:  5    Dex: 12    Spells: 9/14 levels left

rFire   . . .      SeeInvis .     - Unarmed
rCold   . . .      Faith    .   (no shield)
rNeg    . . .      Spirit   .   (helmet currently unavailable)
rPois   .          Reflect  +   d - amulet of reflection
rElec   .          Harm     .   (no ring)
rCorr   .          Rampage  .   (no ring)
Will    .....                   (no ring)
Stlth   ++........              (no ring)
HPRegen 0.14/turn               (no ring)
MPRegen 0.13/turn               (no ring)
                                (no ring)
                                (no ring)

@: appendages, gold aura
A: tentacle spike 3, almost no armour, amphibious, 8 rings, camouflage 1,
gelatinous body 1, (nimble swimmer 1), tentacles
a: End Transformation, Renounce Religion, Potion Petition, Call Merchant, Bribe
Branch


You were on level 6 of the Dungeon.
You worshipped Gozag.
Gozag was aware of your devotion.
One of your tentacles had grown a beastly spike.
You visited 1 branch of the dungeon, and saw 6 of its levels.

You collected 391 gold pieces.
You paid 65 gold pieces to Gozag.

Inventory:

Missiles
 e - 2 throwing nets
Magical Staves
 b - a staff of earth
Jewellery
 d - an amulet of reflection (around mantle)
Wands
 i - a wand of paralysis (5)
Scrolls
 f - 2 scrolls of teleportation
 g - 2 scrolls of vulnerability
 k - 2 scrolls of poison
 o - a scroll of enchant armour {unknown}
Potions
 a - 3 potions of lignification
 c - 3 potions of curing
 h - 5 potions of might {unknown}
 j - a potion of degeneration {unknown}
 l - a potion of attraction {unknown}
 m - a potion of flight {unknown}
 n - a potion of heal wounds {unknown}


   Skills:
 - Level 1.0 Fighting
 - Level 2.0 Dodging
 - Level 5.6 Unarmed Combat
 + Level 4.1 Spellcasting
 + Level 4.3 Transmutations


You had 9 spell levels left.
You knew the following spells:

 Your Spells              Type           Power      Damage    Failure   Level
a - Beastly Appendage     Tmut           34%        N/A       2%          1
b - Ice Form              Ice/Tmut       10%        N/A       56%         4

Your spell library contained the following spells:

 Spells                   Type           Power      Damage    Failure   Level
 Wereblood                Tmut           17%        N/A       4%          2
 Magic Dart               Conj           12%        1d3       17%         1
 Necrotise                Necr           12%        1d4       17%         1
 Spider Form              Tmut/Pois      10%        N/A       21%         3
 Searing Ray              Conj           6%         2d4       26%         2
 Confusing Touch          Hex            3%         N/A       45%         3
 Ozocubu's Armour         Ice            3%         N/A       45%         3
 Vampiric Draining        Necr           3%         2d6       45%         3
 Fulminant Prism          Conj/Hex       1%         3d6       86%         4
 Yara's Violent Unravell  Hex/Tmut       5%         3d4       88%         5
 Agony                    Necr           3%         N/A       99%         5
 Metabolic Englaciation   Hex/Ice        1%         N/A       99%         5
 Enfeeble                 Hex            1%         N/A       100%        7
 Simulacrum               Ice/Necr       Unusable   N/A       N/A         6

Dungeon Overview and Level Annotations

Branches:
Dungeon (6/15)
 Temple: D:4-7

Altars:
Ashenzari
Dithmenos
Elyvilon
Fedhas
Gozag
Ru
Trog


Innate Abilities, Weirdness & Mutations

One of your tentacles has grown a beastly spike.
You cannot wear most types of armour.
You are amphibious.
You can wear up to eight rings at the same time.
Your skin changes colour to match your surroundings (Stealth+).
Your rubbery body absorbs attacks. (AC +1, EV +1)
((You are camouflaged when in or above water. (Stealth+)))
You have tentacles for arms and can constrict up to eight enemies at once.


Message History

The orc hits you with a +0 short sword.
The orc priest calls down the wrath of Beogh upon you.
Beogh smites you!
The orc priest shouts!
You bludgeon the orc!
You kill the orc!
The orc priest closely misses you.
Things that are here:
6 gold pieces; a +0 short sword You closely miss the orc priest.
Your grab misses the orc priest.
You pierce the orc priest, but do no damage.
You squeeze the orc priest, but do no damage.
You block the orc priest's attack.
The orc priest mumbles some strange prayers to Beogh against you.
Beogh smites you!
You tentacle-slap the orc priest but do no damage.
You grab the orc priest.
You pierce the orc priest.
The orc priest is lightly wounded.
You constrict the orc priest.
The orc priest looks braver for a moment.
The orc priest hits you but does no damage.
You completely miss the orc priest. You squeeze the orc priest.
The orc priest is moderately wounded.
You constrict the orc priest, but do no damage.
The orc priest misses you.
The orc priest hits you with a +0 trident!
* * * LOW HITPOINT WARNING * * *
You barely miss the orc priest.
You pierce the orc priest.
The orc priest is moderately wounded.
You constrict the orc priest, but do no damage.
The orc priest barely misses you. You block the orc priest's attack.
You tentacle-slap the orc priest.
You pierce the orc priest.
The orc priest is heavily wounded.
You constrict the orc priest.
The orc priest hits you with a +0 short sword.
* * * LOW HITPOINT WARNING * * *
The orc priest calls down the wrath of Beogh upon you.
Pain shoots through your body!
You die...
Your body crumbles into a pile of gold.

......# .....#
##.....#..
#..........
##..........
##...........
##............
#.##..........
#@##..........
#oo##..........
#...###.........
#...# ##<.......
##### #########


You could see 2 orc priests.

Vanquished Creatures
  An ogre (D:5)
  A scorpion (D:4)
  A hound (D:5)
  2 jellies (D:5)
  2 orc priests (D:5)
  An orc wizard (D:4)
  7 gnolls
  4 adders
  3 worms
  13 orcs
  8 ball pythons
  9 endoplasms
  2 giant cockroaches (D:1)
  5 goblins
  3 hobgoblins
  4 jackals (D:1)
  6 kobolds
  2 quokkas
  3 bats
  5 frilled lizards
  9 rats
91 creatures vanquished.

Notes
Turn   | Place    | Note
-------+----------+-------------------------------------------
     0 | D:1      | Doomgape the Octopode Transmuter began the quest for the
                  | Orb.
     0 | D:1      | Reached XP level 1. HP: 13/13 MP: 3/3
   303 | D:1      | Reached XP level 2. HP: 18/18 MP: 3/5
   617 | D:1      | Reached skill level 4 in Unarmed Combat
   743 | D:1      | Reached XP level 3. HP: 23/23 MP: 4/6
  1788 | D:2      | Found a faded altar of an unknown god.
  1983 | D:2      | You fall into a shaft and drop 2 floors!
  2150 | D:2      | Reached XP level 4. HP: 26/28 MP: 7/7
  2450 | D:3      | Found a shadowy altar of Dithmenos.
  2702 | D:3      | Reached skill level 5 in Unarmed Combat
  2811 | D:3      | Found a bloodstained altar of Trog.
  2961 | D:3      | Reached XP level 5. HP: 33/33 MP: 6/8
  3120 | D:3      | Noticed a sky beast
  3236 | D:3      | Found a sacrificial altar of Ru.
  3257 | D:3      | Learned a level 4 spell: Ice Form
  3870 | D:4      | Found an opulent altar of Gozag.
  3874 | D:4      | Found a broken altar of Ashenzari.
  3875 | D:4      | Found a blossoming altar of Fedhas.
  3877 | D:4      | Found a white marble altar of Elyvilon.
  3881 | D:4      | Became a worshipper of Gozag Ym Sagoz the Greedy
  3898 | D:4      | Reached XP level 6. HP: 18/38 MP: 8/10
  4096 | D:4      | Identified the +2 pair of gloves of Nidoasch {Int+3}
  4290 | D:5      | Entered Level 5 of the Dungeon
  5006 | D:5      | HP: 1/38 [acid (4)]
  5411 | D:5      | Reached XP level 7. HP: 24/43 MP: 12/12
  5981 | D:6      | Killed from afar by an orc priest

Illustrated notes

Levels and vault maps discovered:
D:1:      lemuel_arrival_room, layout_loops_ring, minmay_tromino_mix6
D:2:      layout_loops_ring, ebering_ecumenical_altar_sacrificial,
          chequers_jeans
D:3:      layout_basic, nicolae_dithmenos_shadow_blocks,
          mainiacjoe_overflow_catch_the_wave, moated_statue,
          lightli_corner_chamber
D:4:      layout_basic, grunt_temple_overflow_open
D:5:      layout_basic
D:6:      wander_guarded_unrand_ratskin, layout_rooms,
          nicolae_sif_muna_little_library, minmay_temple_entry_ruins,
          columned_hall_lemuel, uniq_grinder

Skill      XL: |  1  2  3  4  5  6  7 |
---------------+----------------------+-----
Unarmed Combat | 4 5 |  5.6
Transmutations | 4 |  4.3
Spellcasting   | 3 4 |  4.1
Fighting       | |  1.0
Dodging        | |  2.0

Action                   |  1- 3 |  4- 6 |  7- 9 || total
-------------------------+-------+-------+-------++-------
Melee: Unarmed           |    76 |   113 |     9 ||   198
       Kick              |    14 |    32 |     5 ||    51
       Constrict         |    18 |    29 |     1 ||    48
       Tentacles         |     7 |    24 |     4 ||    35
       Punch             |       |     8 |       ||     8
 Cast: Beastly Appendage |    26 |    32 |     2 ||    60
Evoke: Wand              |       |     3 |       ||     3
  Use: Scroll            |     1 |     7 |       ||     8
       Potion            |       |     1 |       ||     1
 Stab: Sleeping          |    10 |     4 |       ||    14
       Distracted        |       |     1 |       ||     1
       Paralysed         |       |     1 |       ||     1
Armor: Skin              |     5 |     3 |     1 ||     9
Dodge: Dodged            |    38 |    51 |     4 ||    93
Block: Other             |     8 |    17 |     2 ||    27
       Reflection        |     1 |       |       ||     1
